 Dungeon Crawl Stone Soup version 0.26-a0-1132-ge9770dfcb6 (webtiles) character file.

Game seed: 11602273248642268010

93 night the Stinger (level 4, -2/30 HPs)
             Began as a Demonspawn Venom Mage on Dec 19, 2020.
             Slain by Terence
             ... wielding a +3 mace of holy wrath
              (4 damage)
             ... on level 3 of the Dungeon.
             The game lasted 00:04:52 (3257 turns).

night the Stinger (Demonspawn Venom Mage)           Turns: 3257, Time: 00:04:53

Health: -2/30      AC:  3    Str: 15    XL:     4   Next: 36%
Magic:  7/9        EV: 12    Int: 17    God:
Gold:   85         SH:  0    Dex: 13    Spells: 2/9 levels left

rFire    . . .     SeeInvis .   c - +0 short sword
rCold    . . .     Faith    .   (no shield)
rNeg     . . .     Spirit   .   a - +0 robe
rPois    .         Reflect  .   (helmet restricted)
rElec    .         Harm     .   (no cloak)
rCorr    .         Rampage  .   (no gloves)
Will     .....                  (no boots)
Stlth    ++........             (no amulet)
HPRegen  0.10/turn              o - +6 ring of strength
MPRegen  0.11/turn              (no ring)

@: very slightly contaminated
A: antennae 1, rugged brown scales 1, demonic guardian 1
a: no special abilities


You were on level 3 of the Dungeon.
You visited 1 branch of the dungeon, and saw 3 of its levels.

You collected 85 gold pieces.

Inventory:

Hand Weapons
 c - a +0 short sword (weapon)
 g - a +0 hunting sling
Missiles
 b - 50 bolts
 m - 11 sling bullets
 r - 28 arrows
 t - 47 stones
Armour
 a - a +0 robe (worn)
Jewellery
 o - a +6 ring of strength (left hand)
 p - an uncursed amulet of faith {unknown}
 q - an uncursed ring of flight {unknown}
Wands
 n - a wand of random effects (13)
Scrolls
 d - 2 scrolls of magic mapping {unknown}
 f - a scroll of identify {unknown}
 i - 2 scrolls of fog {unknown}
 j - a scroll of noise {unknown}
 k - a scroll of teleportation {unknown}
 l - a scroll of fear {unknown}
Potions
 e - 2 potions of heal wounds {unknown}
 h - 2 potions of mutation {unknown}
 s - a potion of curing {unknown}


   Skills:
 - Level 1.7 Dodging
 - Level 1.7 Stealth
 + Level 3.3 Spellcasting
 - Level 0.8 Transmutations
 + Level 4.2 Poison Magic


You had 2 spell levels left.
You knew the following spells:

 Your Spells              Type           Power        Failure   Level
a - Sting                 Tmut/Pois      44%          6%          1
b - Mephitic Cloud        Conj/Pois/Air  7%           28%         3
c - Ignite Poison         Fire/Tmut/Pois 8%           26%         3

Your spell library contained the following spells:

 Spells                   Type           Power        Failure   Level
 Poisonous Vapours        Pois/Air       20%          11%         2
 Olgreb's Toxic Radiance  Pois           17%          28%         4


Dungeon Overview and Level Annotations

Branches:
Dungeon (3/15)

Altars:
Nemelex Xobeh
Sif Muna
Xom

Annotations:
D:3 Terence


Innate Abilities, Weirdness & Mutations

You have a pair of small antennae on your head.
You are partially covered in rugged brown scales. (AC +1, +3% HP)
A weak demonic guardian rushes to your aid.


Message History

The bat barely misses you.
Your quasit bites Terence.
Your quasit barely misses Terence.
Your quasit closely misses Terence.
The goblin hits you but does no damage.
You hit the bat.
The bat is moderately wounded.
The bat closely misses you. The bat hits you but does no damage.
Terence hits you with a +3 mace of holy wrath.
* * * LOW HITPOINT WARNING * * *
You convulse.
* * * LOW HITPOINT WARNING * * *
The goblin barely misses you. The ball python misses your quasit.
The ball python grabs your quasit. The ball python constricts your quasit.
Your quasit misses the ball python.
Your quasit claws the ball python. x2
The ball python dies!
The bat hits you but does no damage.
Your quasit bites Terence but does no damage.
Your quasit claws Terence but does no damage.
Your quasit barely misses Terence.
Terence hits you with a +3 mace of holy wrath.
You die...

######...
........#
.>......#
......$.#
........#
........# ###
........#### #..
......5@gb.# #.#
#######@##.#####
#†# #.##.##.. #.#
#..#.##.# #.#
##.#.##.# ##.#
#.#....#######<..
#.......#........
#######.#.^^^....
#.[.^_..#..
#<..^^^....


You could see Terence (poisoned), a goblin, a bat and a friendly quasit
(summoned).

Vanquished Creatures
  4 adders (D:2)
  A worm (D:2)
  2 dart slugs (D:2)
  3 leopard geckos (D:2)
  A giant cockroach (D:2)
  13 goblins
  3 hobgoblins (D:2)
  2 jackals (D:1)
  A quokka (D:2)
  A ball python (D:3)
  6 bats
  4 frilled lizards
  3 kobolds
  2 rats (D:1)
46 creatures vanquished.

Vanquished Creatures (collateral kills)
  A ball python (D:3)
1 creature vanquished.

Grand Total: 47 creatures vanquished

Notes
Turn   | Place    | Note
-------+----------+-------------------------------------------
     0 | D:1      | night the Demonspawn Venom Mage began the quest for the
                  | Orb.
     0 | D:1      | Reached XP level 1. HP: 13/13 MP: 3/3
   502 | D:1      | Gained mutation: You are partially covered in rugged brown
                  | scales. (AC +1, +3% HP) [demonic ancestry]
   502 | D:1      | Reached XP level 2. HP: 13/19 MP: 1/5
  1336 | D:2      | Gained mutation: You have a pair of small antennae on your
                  | head. [demonic ancestry]
  1336 | D:2      | Reached XP level 3. HP: 24/24 MP: 4/7
  1340 | D:2      | Learned a level 3 spell: Mephitic Cloud
  1344 | D:2      | Learned a level 3 spell: Ignite Poison
  1543 | D:2      | Found a shimmering blue altar of Sif Muna.
  2010 | D:2      | Found a sparkling altar of Nemelex Xobeh.
  2100 | D:2      | Reached skill level 4 in Poison Magic
  2408 | D:2      | Gained mutation: A weak demonic guardian rushes to your
                  | aid. [demonic ancestry]
  2408 | D:2      | Reached XP level 4. HP: 28/30 MP: 3/8
  3210 | D:3      | Found a shimmering altar of Xom.
  3246 | D:3      | Noticed Terence
  3256 | D:3      | HP: 4/30 [Terence/+3 mace of holy wrath (6)]
  3257 | D:3      | Slain by Terence

Illustrated notes

Levels and vault maps discovered:
D:1:      minmay_arrival_nine_rooms, layout_loops_cross
D:2:      kennysheep_the_goblin_king, layout_basic, lemuel_blue_sif_altar,
          grunt_ministairs_12, dk_noncrumbling_3, minmay_fountain_box,
          nemelex_altar_shiori
D:3:      layout_basic, xom_teletrap_fun, ebering_ghost_reflecting_pool,
          uniq_terence

Skill      XL: |  1  2  3 |
---------------+----------+-----
Spellcasting   | 3 |  3.3
Poison Magic   | 4 |  4.2
Dodging        | |  1.7
Stealth        | |  1.7
Transmutations | |  0.8

Action                   |  1- 3 |  4- 6 || total
-------------------------+-------+-------++-------
Melee: Short sword       |    18 |     9 ||    27
 Cast: Sting             |    61 |    18 ||    79
Armor: Robe              |    11 |     6 ||    17
Dodge: Dodged            |    22 |    17 ||    39

Table legend: (Time is in decaauts)
 A = Elapsed time spent in this place.
 B = Non-inter-level travel time spent in this place.
 C = Inter-level travel time spent in this place.
 D = Time resting spent in this place.
 E = Time spent auto-exploring this place.
 F = Levels seen in this place.
 G = Mean time per level.
                   A        B        C        D        E       F      G
               +--------+--------+--------+--------+--------+-----+--------+
         Total |   3258 |   3205 |     53 |   1033 |   1794 |   3 | 1086.0 |
       Dungeon |   3258 |   3205 |     53 |   1033 |   1794 |   3 | 1086.0 |
               +--------+--------+--------+--------+--------+-----+--------+

Top non-repeatable levels by time:
     D:2: 2224 daAuts
     D:1: 987 daAuts
     D:3: 46 daAuts
